 Dungeon Crawl Stone Soup version 0.30.1 (webtiles) character file.

Game seed: 993600344565563992

20855 Kaiern the Destroyer (level 12, -10/79 HPs)
             Began as a Tengu Air Elementalist on July 8, 2023.
             Was an Elder of Sif Muna.
             Mangled by a blink frog (14 damage)
             ... on level 1 of the Lair of Beasts.
             The game lasted 01:30:36 (22095 turns).

Kaiern the Destroyer (Tengu Air Elementalist)      Turns: 22095, Time: 01:30:37

Health: -10/79     AC:  7    Str:  9    XL:     12   Next: 83%
Magic:  10/27      EV: 15    Int: 21    God:    Sif Muna [****..]
Gold:   756        SH: 14    Dex: 14    Spells: 19/31 levels left

rFire   . . .        n - +3 hand axe (venom)
rCold   . . .        J - +1 kite shield
rNeg    . . .        Q - +0 steam dragon scales
rPois   .            (helmet restricted)
rElec   .            S - scarf {+Inv}
rCorr   .            u - +0 pair of gloves
SInv    +            (boots unavailable)
Will    ++...        R - amulet "Edayg" {Reflect Will+ SH+5}
Stlth   ++           e - ring of willpower
HPRegen 0.33/turn    D - ring of see invisible
MPRegen 0.20/turn

%: reflection
@: about to teleport, flying quickly and evasively, studying Fire Magic, quick
A: beak, talons 3, nimble flight
a: Renounce Religion, Evoke Invisibility, Channel Magic, Forget Spell, Divine
Exegesis


You were on level 1 of the Lair of Beasts.
You worshipped Sif Muna.
Sif Muna was greatly pleased with you.
You visited 3 branches of the dungeon, and saw 14 of its levels.

You collected 1350 gold pieces.
You spent 594 gold pieces at shops.

Inventory:

Hand Weapons
 n - a +3 hand axe of venom (weapon)
 F - a +0 war axe
Missiles
 j - 40 poisoned darts
 O - a throwing net
Armour
 o - a +2 robe of positive energy
 u - a +0 pair of gloves (worn)
 J - a +1 kite shield (worn)
 Q - +0 steam dragon scales (worn)
 S - a scarf of invisibility (worn)
Jewellery
 e - a ring of willpower (left hand)
 x - a ring of protection from fire
 C - a ring of wizardry
 D - a ring of see invisible (right hand)
 K - a ring of resist corrosion
 R - the amulet "Edayg" (around neck) {Reflect Will+ SH+5}
   (You bought it in a shop on level 1 of the Dungeon)

   [amulet of reflection]

   It reflects blocked missile attacks.
   SH:        It affects your SH (+5).
   Will:      It increases your willpower.
Wands
 a - a wand of light (13)
 c - a wand of charming (4)
 v - a wand of polymorph (7)
 z - a wand of flame (20)
 M - a wand of mindburst (11)
 P - a wand of digging (4)
Scrolls
 g - 2 scrolls of teleportation
 i - 2 scrolls of vulnerability
 p - 3 scrolls of magic mapping
 q - 7 scrolls of identify
 s - 3 scrolls of fog
 y - a scroll of silence
 A - 2 scrolls of enchant weapon
 E - a scroll of poison
 G - 3 scrolls of noise
 I - 5 scrolls of blinking
Potions
 b - 2 potions of magic
 d - a potion of mutation
 f - a potion of lignification
 h - 5 potions of might
 k - 7 potions of degeneration
 l - 3 potions of cancellation
 m - a potion of flight
 w - a potion of berserk rage
 B - 2 potions of resistance
 N - 2 potions of brilliance


   Skills:
 + Level 10.6 Fighting
 - Level 7.0 Armour
 + Level 7.5 Dodging
 - Level 2.0 Stealth
 - Level 3.0 Shields
 + Level 10.2 Spellcasting
 + Level 10.8 Conjurations
 - Level 10.4 Air Magic


You had 19 spell levels left.
You knew the following spells:

 Your Spells              Type           Power      Damage    Failure   Level
a - Shock                 Conj/Air       100%       1d9       1%          1
b - Static Discharge      Conj/Air       100%       2-7/arc   1%          2
c - Airstrike             Air            26%        2d(4-20)  4%          4
d - Iskenderun's Battles  Conj           54%        2d10      11%         5

Your spell library contained the following spells:

 Spells                   Type           Power      Damage    Failure   Level
 Swiftness                Air            53%        N/A       1%          3
 Momentum Strike          Conj/Tloc      66%        3d9       5%          2
 Summon Small Mammal      Summ           40%        N/A       32%         1
 Sticky Flame             Conj/Fire      33%        2d5       34%         4
 Blink                    Tloc           20%        N/A       45%         2
 Lesser Beckoning         Tloc           20%        N/A       45%         2
 Sublimation of Blood     Necr           10%        N/A       45%         2
 Call Canine Familiar     Summ           10%        N/A       69%         3
 Ignite Poison            Fire/Tmut/Pois 10%        N/A       69%         3
 Summon Guardian Golem    Hex/Summ       10%        N/A       69%         3
 Irradiate                Conj/Tmut      16%        3d17      69%         5
 Petrify                  Tmut/Erth      10%        N/A       97%         4
 Iron Shot                Conj/Erth      16%        9d4       99%         6
 Spellforged Servitor     Conj/Summ      16%        N/A       100%        7
 Ignition                 Fire           5%         3d4       100%        8


Dungeon Overview and Level Annotations

Branches:
Dungeon (12/15)            Temple (1/1) D:4            Lair (1/5) D:9
    Orc (0/2) D:12

Altars:
Ashenzari
Cheibriados
Dithmenos
Elyvilon
Fedhas
Gozag
Hepliaklqana
Kikubaaqudgha
Makhleb
Nemelex Xobeh
Okawaru
Qazlal
Ru
Sif Muna
Trog
Uskayaw
Vehumet
Wu Jian
Xom
Yredelemnul
Zin
The Shining One

Shops:
D:1 =   D:3 *?:   D:4 =   D:5 (   D:6 (   D:9 :

Annotations:
D:8 Erolcha


Innate Abilities, Weirdness & Mutations

You have a beak for a mouth.
You have claws for feet.
Your magical nature lets you fly swiftly and evasively.


Message History

Confirm with . or Enter, or press ? or * to list all spells.
Aiming: Shock (safe; 1% risk of failure)
Press: ? - help, Shift-Dir - straight line, f - bullfrog
Aim: a bullfrog (severely wounded, 67% to hit)
The zap misses the bullfrog.
The zap hits the bullfrog.
The bullfrog is severely wounded.
Your battlesphere fires!
The barrage of energy hits the blink frog!
The blink frog is heavily wounded.
The bullfrog closely misses you. The blink frog hits you!
* * * LOW HITPOINT WARNING * * *
The blink frog blinks!
The blink frog closely misses you. You block the bullfrog's attack.
You feel better.
A nearby fungus withers and dies.
You block the blink frog's attack.
The bullfrog hits you but does no damage.
The bullfrog attacks as you move away! You block the bullfrog's attack.
You block the blink frog's attack.
You closely miss the bullfrog. Your kick misses the bullfrog.
Your peck misses the bullfrog.
The bullfrog is severely wounded.
You hit the blink frog.
The blink frog is poisoned.
The bullfrog misses you. You block the bullfrog's attack.
You block the blink frog's attack.
The blink frog blinks!
The bullfrog hits you but does no damage.
The bullfrog attacks as you move away! You block the bullfrog's attack.
You miss the bullfrog. You claw the bullfrog.
The bullfrog is almost dead.
The bullfrog misses you. You block the bullfrog's attack.
The blink frog closely misses you.
The blink frog attacks as you move away!
You block the blink frog's attack. The blink frog completely misses you.
The blink frog hits your battlesphere.
The blink frog blinks!
As you read the scroll of teleportation, it crumbles to dust.
You feel strangely unstable. The blink frog hits you!
* * * LOW HITPOINT WARNING * * *
The bullfrog hits your battlesphere. You block the blink frog's attack.
The blink frog attacks as you move away!
The blink frog hits you!
You die...

##.>####ยง##.$..
##..#.# ## # #P...##
####..## ##..####
##..#.#### ###
#P.......###### ..##
###.......##..## ...#
##.F..F*@....## #.##
####.....F......# #.#
#..............##
#.#####..........#...#
#.##.#..###.....##..##
#.###..###P....###..#
#..#..####..#### #.##
#....####.### #..##
#....#.#..# ##..###


You could see 2 blink frogs, a bullfrog and a friendly battlesphere.

Vanquished Creatures
  A centaur warrior (D:10)
  A boulder beetle (D:12)
  3 two-headed ogres
  A skeletal warrior (D:9)
  3 ugly things
  2 deep elf pyromancers
  2 cyclopes
  2 manticores
  A black mamba (Lair:1)
  A cane toad (D:9)
  Maggie (D:9)
  2 unseen horrors
  A komodo dragon (D:10)
  2 trolls (D:10)
  A hornet (D:9)
  Grinder (D:6)
  9 blink frogs
  Sigmund (D:6)
  A shadow (D:10)
  2 wraiths
  16 yaks
  2 wyverns
  A steam dragon (D:10)
  A vampire mosquito (D:10)
  5 wargs
  3 acid dragons
  6 water moccasins
  A black bear (D:6)
  10 orc warriors
  An ogre (D:5)
  4 centaurs
  3 kobold brigands
  A phantom (D:6)
  3 gnoll sergeants
  2 bullfrogs (Lair:1)
  2 necrophages (D:4)
  3 scorpions
  7 wights
  10 killer bees (D:10)
  6 howler monkeys
  A bullfrog zombie (D:4)
  4 hounds
  18 orc priests
  A human zombie (D:4)
  3 sleepcaps
  An iguana (D:4)
  9 orc wizards
  A scorpion zombie (D:4)
  3 hound zombies (D:4)
  A mummy (D:4)
  13 gnolls
  6 adders
  A shadow imp (D:7)
  2 ufetubi
  An adder zombie (D:4)
  2 worms
  2 dart slugs
  33 orcs
  6 ball pythons
  2 bats
  4 endoplasms
  4 giant cockroaches
  7 goblins
  5 hobgoblins
  4 quokkas
  4 frilled lizards
  16 kobolds
  4 rats
283 creatures vanquished.

Vanquished Creatures (others)
  An orc warrior (D:10)
1 creature vanquished.

Grand Total: 284 creatures vanquished

Notes
Turn   | Place    | Note
-------+----------+-------------------------------------------
     0 | D:1      | Kaiern the Tengu Air Elementalist began the quest for the
                  | Orb.
     0 | D:1      | Reached XP level 1. HP: 10/10 MP: 4/4
   260 | D:1      | Found Vulofaz's Jewellery Shop.
   318 | D:1      | Reached XP level 2. HP: 15/15 MP: 4/6
   341 | D:1      | Learned a level 2 spell: Static Discharge
   856 | D:1      | Reached XP level 3. HP: 19/19 MP: 5/7
  1495 | D:2      | Found a faded altar of an unknown god.
  1567 | D:2      | Reached XP level 4. HP: 18/24 MP: 3/8
  1611 | D:2      | Learned a level 4 spell: Airstrike
  2190 | D:3      | Found Ekkunk's General Store.
  2648 | D:3      | Reached skill level 5 in Air Magic
  2650 | D:3      | Reached skill level 1 in Fighting
  2655 | D:3      | Gained mutation: Your magical nature lets you fly swiftly
                  | and evasively. [Tengu growth]
  2655 | D:3      | Reached XP level 5. HP: 29/29 MP: 2/10
  2904 | D:3      | Bought a scroll of teleportation for 36 gold pieces
  3043 | D:3      | Found Ziuricky's Magic Scroll Shop.
  3051 | D:3      | Bought a scroll of magic mapping for 90 gold pieces
  3089 | D:3      | Found Ecekhloax's Book Emporium.
  3164 | D:3      | Found a shimmering blue altar of Sif Muna.
  3183 | D:3      | Found a white marble altar of Elyvilon.
  3183 | D:3      | Found an iron altar of Okawaru.
  3203 | D:3      | Became a worshipper of Sif Muna the Loreminder
  3729 | D:4      | Found a staircase to the Ecumenical Temple.
  3739 | Temple   | Entered the Ecumenical Temple
  4227 | D:4      | Reached XP level 6. HP: 27/35 MP: 4/11
  4303 | D:4      | Reached skill level 1 in Armour
  4384 | D:4      | Found Uxouw's Jewellery Shoppe.
  4704 | D:4      | Found a shimmering altar of Xom.
  4721 | D:4      | Noticed an angel
  4722 | D:4      | Found a glowing silver altar of Zin.
  4863 | D:4      | Reached XP level 7. HP: 38/40 MP: 3/13
  5355 | D:4      | Reached * piety under Sif Muna
  5366 | D:4      | Found a basalt altar of Yredelemnul.
  5745 | D:5      | Entered Level 5 of the Dungeon
  6004 | D:5      | Found Disch's Antique Weapon Shop.
  6224 | D:5      | Reached XP level 8. HP: 48/48 MP: 9/15
  6951 | D:6      | Noticed Sigmund
  7075 | D:6      | Reached skill level 5 in Spellcasting
  7145 | D:6      | Killed Sigmund
  7345 | D:6      | Reached skill level 5 in Fighting
  7466 | D:6      | Noticed Grinder
  7480 | D:6      | Killed Grinder
  7481 | D:6      | Reached XP level 9. HP: 54/54 MP: 8/18
  7554 | D:6      | Found Cetyhar's Weapon Boutique.
  8330 | D:7      | Identified the +1 pair of boots "Goed" {+Inv rF- Stlth+}
  8372 | D:7      | Reached ** piety under Sif Muna
  8516 | D:7      | Found a snail-covered altar of Cheibriados.
  9787 | D:8      | Reached skill level 5 in Dodging
 10059 | D:8      | Reached skill level 10 in Air Magic
 10196 | D:8      | Reached XP level 10. HP: 61/61 MP: 4/21
 10827 | D:8      | Learned a level 5 spell: Iskenderun's Battlesphere
 11097 | D:8      | Reached *** piety under Sif Muna
 11436 | D:9      | Noticed a two-headed ogre
 11438 | D:9      | Noticed Maggie
 11569 | D:9      | Noticed Erolcha
 11965 | D:9      | Reached skill level 1 in Shields
 12038 | D:9      | Found a hazy altar of Hepliaklqana.
 12115 | D:9      | Found Loleypro's Book Emporium.
 12128 | D:9      | Killed Maggie
 12134 | D:9      | Reached skill level 5 in Conjurations
 12272 | D:9      | Found a staircase to the Lair.
 12479 | D:9      | Killed a two-headed ogre
 12814 | D:10     | Entered Level 10 of the Dungeon
 13363 | D:1      | Bought the amulet "Edayg" {Reflect Will+ SH+5} for 468 gold
                  | pieces
 13708 | D:10     | Reached XP level 11. HP: 68/68 MP: 7/24
 13728 | D:10     | Reached skill level 5 in Armour
 13989 | D:10     | Noticed a two-headed ogre
 14016 | D:10     | Killed a two-headed ogre
 14541 | D:10     | Noticed a manticore
 14771 | D:10     | Noticed a centaur warrior
 14783 | D:10     | Killed a centaur warrior
 14928 | D:10     | Noticed a purple ugly thing
 14934 | D:10     | Killed a purple ugly thing
 14940 | D:10     | Noticed a skeletal warrior
 15378 | D:10     | Noticed a deep elf pyromancer
 15494 | D:10     | Killed a deep elf pyromancer
 15684 | D:10     | Killed a manticore
 15877 | D:10     | Noticed a two-headed ogre
 16068 | D:9      | Killed a skeletal warrior
 16194 | D:10     | Killed a two-headed ogre
 16287 | D:10     | Noticed a green ugly thing
 16449 | D:10     | Killed a green ugly thing
 16450 | D:10     | Reached XP level 12. HP: 35/76 MP: 2/26
 16638 | D:10     | Reached **** piety under Sif Muna
 19141 | D:12     | Reached skill level 10 in Fighting
 19219 | D:12     | Noticed a boulder beetle
 19582 | D:12     | Found a staircase to the Orcish Mines.
 19967 | D:12     | Noticed a boulder beetle
 19996 | D:12     | Killed a boulder beetle
 20115 | D:12     | Reached skill level 10 in Conjurations
 20457 | Lair:1   | Entered Level 1 of the Lair of Beasts
 21193 | Lair:1   | Reached skill level 10 in Spellcasting
 22095 | Lair:1   | Mangled by a blink frog

Illustrated notes

Levels and vault maps discovered:
D:1:      psy_arrival_dodecagon, layout_basic, serial_shops, shop_coins,
          chequers_garden, minivault_5, moated_statue
D:2:      layout_loops_ring, basic_ecumenical_altar
D:3:      layout_loops_ring, minitemple, serial_shops, shop_fountains, shop,
          nicolae_shop_statue_plus
D:4:      layout_basic, zin_angel, lemuel_mausoleum_altar_yredelemnul,
          overflow_temple_1_default, minmay_temple_entry_grid,
          grunt_ministairs_2, small_statue_intersection, nicolae_stop_n_shop_1,
          nrook_campfire
D:5:      layout_loops_corners, serial_shops, shop, serial_rivers,
          chequers_serial_rivers_room_b, chequers_serial_rivers_micro_a,
          chequers_serial_rivers_room_a, chequers_serial_rivers_marsh,
          chequers_serial_rivers_micro_b, chequers_serial_rivers_micro_b,
          serial_park_tiny_1
D:6:      layout_rooms, serial_shops, nicolae_shop_back_alley_shop,
          minmay_misc_feat_columns, roderic_roman_lattice, minmay_manual_moon,
          uniq_grinder, uniq_sigmund
D:7:      layout_loops_ring, cheibrodos_worm_habitat
D:8:      layout_gridville, serial_park_tiny_2
D:9:      layout_rooms, worldfamousw_hep_ancestral_shrine,
          erik_lair_orcish_takeover, serial_shops, shop, uniq_erolcha,
          uniq_maggie
D:10:     hangedman_cross_cluster, layout_loops_ring
D:11:     layout_stronghold, serial_glass, glass_columns_c, glass_columns_b
D:12:     layout_basic, david_orc_1_choice
Temple:   nicolae_temple_ecumenical_triangle
Lair:1:   layout_layer_cave

Skill      XL: |  1  2  3  4  5  6  7  8  9 10 11 12 |
---------------+-------------------------------------+-----
Conjurations   | 2 6 8 10 | 10.8
Dodging        | 3 5 7 |  7.5
Air Magic      | 5 6 7 8 10 | 10.4
Fighting       | 1 2 3 5 6 8 9 10 | 10.6
Spellcasting   | 3 4 5 6 8 9 10 | 10.2
Armour         | 2 4 7 |  7.0
Shields        | 3 |  3.0
Stealth        | |  2.0

Action                     |  1- 3 |  4- 6 |  7- 9 | 10-12 || total
---------------------------+-------+-------+-------+-------++-------
  Melee: Dagger            |     3 |     1 |       |       ||     4
         Kick              |     1 |     8 |    14 |    35 ||    58
         Hand axe          |       |    22 |    36 |    85 ||   143
         Peck              |       |     5 |    12 |    22 ||    39
   Cast: Shock             |    48 |   146 |   207 |   134 ||   535
         Static Discharge  |       |     1 |       |       ||     1
         Airstrike         |       |       |    43 |   205 ||   248
         Iskenderun's Batt |       |       |       |     7 ||     7
    Use: Scroll            |       |    10 |     3 |    11 ||    24
         Potion            |       |       |       |     4 ||     4
   Stab: Sleeping          |       |       |       |     1 ||     1
 Armour: Robe              |     1 |     2 |    13 |    11 ||    27
         Leather armour    |       |     6 |       |       ||     6
         Steam dragon scal |       |       |       |    22 ||    22
  Dodge: Dodged            |     6 |    39 |    56 |   123 ||   224
  Block: Kite shield       |       |       |       |   163 ||   163
         Reflection        |       |       |       |    10 ||    10
